 Dungeon Crawl Stone Soup version 0.30.1-9-gdf580d7c3d (webtiles) character file.

Game seed: 1985516557213726680

1003 hawla the Magician (level 8, -7/59 HPs)
             Began as a Meteoran Fire Elementalist on Oct 14, 2023.
             Was a Follower of Vehumet.
             Mangled by a killer bee (8 damage)
             ... on level 8 of the Dungeon on Oct 15, 2023.
             The game lasted 00:08:36 (1168 turns).

hawla the Magician (Meteoran Fire Elementalist)     Turns: 1168, Time: 00:08:37

Health: -7/59      AC:  3    Str: 14    XL:     8   Next: 71%
Magic:  3/19       EV: 13    Int: 24    God:    Vehumet [*.....]
Gold:   70         SH:  0    Dex: 15    Spells: 13/20 levels left

rFire   . . .        g - +2 whip (vamp)
rCold   . . .        (no shield)
rNeg    . . .        h - +1 robe "Gedghuh" {Int+2}
rPois   .            (helmet restricted)
rElec   .            (no cloak)
rCorr   .            (no gloves)
SInv    .            (no boots)
Will    +....        (no amulet)
Stlth   +            d - ring of wizardry
HPRegen 0.29/turn    l - +6 ring of strength
MPRegen 0.16/turn

%: wizardry (x1)
@: lethally poisoned (-7 -> -13), glowing
A: sense surroundings 1, otherworldly, glowing, explore regen, antennae 1,
clever 1
a: Renounce Religion


You were on level 8 of the Dungeon.
You worshipped Vehumet.
Vehumet was aware of your devotion.
You visited 2 branches of the dungeon, and saw 9 of its levels.

You collected 155 gold pieces.
You spent 85 gold pieces at shops.

Inventory:

Hand Weapons
 c - a +0 flail
 g - a +2 vampiric whip (weapon)
Armour
 h - the +1 robe "Gedghuh" (worn) {Int+2}
   (You bought it in a shop on level 5 of the Dungeon)

   Int:       It affects your intelligence (+2).
Jewellery
 d - a ring of wizardry (left hand)
 l - a +6 ring of strength (right hand)
Wands
 a - a wand of iceblast (14)
Scrolls
 f - a scroll of identify
 m - a scroll of enchant weapon {unknown}
Potions
 b - a potion of flight {unknown}


   Skills:
 + Level 1.4 Fighting
 + Level 3.3 Maces & Flails
 + Level 3.7 Dodging
 - Level 1.4 Stealth
 + Level 6.8 Spellcasting
 + Level 5.6 Conjurations
 + Level 6.3 Fire Magic


You had 13 spell levels left.
You knew the following spells:

 Your Spells              Type           Power      Damage    Failure   Level
a - Foxfire               Conj/Fire      100%       2x1d9     1%          1
b - Scorch                Fire           76%        2d8       1%          2
c - Flame Wave            Conj/Fire      36%        2d10      2%          4

Your spell library contained the following spells:

 Spells                   Type           Power      Damage    Failure   Level
 Freeze                   Ice            32%        1d5       3%          1
 Inner Flame              Hex/Fire       23%        N/A       2%          3
 Volatile Blastmotes      Fire/Tloc      46%        2d13      2%          3
 Portal Projectile        Hex/Tloc       16%        N/A       9%          3
 Tukima's Dance           Hex            8%         N/A       9%          3
 Blade Hands              Tmut           4%         N/A       58%         5


Dungeon Overview and Level Annotations

Branches:
Dungeon (8/15) Zot: 3687   Temple (1/1) D:4 Zot: 541
   Lair: D:8-11

Altars:
Fedhas
Hepliaklqana
Kikubaaqudgha
Qazlal
Vehumet
Zin
The Shining One

Shops:
D:5 !=[*

Annotations:
D:8 Gastronok


Innate Abilities, Weirdness & Mutations

You passively map a small area around you.
You are easily found by Zot.
You glow in the dark.
You regain HP and MP as you explore.
You have a pair of small antennae on your head.
Your mind is acute. (Int +4, Str/Dex -1)


Message History

You feel sick. The killer bee stings you!
You are more poisoned.
The killer bee poisons you! The killer bee misses you.
Casting: Flame Wave (dangerous; 2% risk of failure)
Confirm with . or Enter, or press ? or * to list all spells.
Casting: Flame Wave (dangerous; 2% risk of failure)
Press: ? - help, Dir - look around, f - activate A wave of flame ripples out!
The flame wave engulfs the killer bee!
The killer bee is severely wounded. (Press . to intensify the flame waves.)
* * * LOW HITPOINT WARNING * * *
You feel very sick. The killer bee barely misses you.
The killer bee stings you!
* * * LOW HITPOINT WARNING * * *
You are more poisoned.
The killer bee poisons you!
It was a potion of curing.
You feel better. The killer bee stings you.
* * * LOW HITPOINT WARNING * * *
The killer bee barely misses you.
Blink to where?
Press: ? - help, Dir - move target
As you read the scroll labelled MALERE ZAARPH, it crumbles to dust.
It was a scroll of blinking.
The killer bee attacks as you move away!
The killer bee completely misses you. The killer bee misses you.
The killer bee stings you.
* * * LOW HITPOINT WARNING * * *
The killer bee attacks as you move away!
The killer bee stings you.
* * * LOW HITPOINT WARNING * * *
The killer bee stings you.
* * * LOW HITPOINT WARNING * * *
The killer bee attacks as you move away!
The killer bee stings you!
* * * LOW HITPOINT WARNING * * *
You are lethally poisoned!
The killer bee poisons you!
* * * LOW HITPOINT WARNING * * *
You feel sick. The killer bee stings you!
You die...

.>. * #.#.#
#......# ., *
#.#.# #.....##
#.#.# #.....# *
#.#.###########
, * *,*
#.#.....# ,
#y#####.# #.#
#># , #.# #.# ,
,, #.#####@# ,
#....yy.# , *
######### ,


You could see 2 killer bees.

Vanquished Creatures
  Joseph (D:8)
  A water moccasin (D:8)
  A bullfrog (D:8)
  A gnoll sergeant (D:5)
  A scorpion (D:5)
  3 killer bees (D:8)
  An orc priest (D:7)
  A hound (D:4)
  2 iguanas (D:5)
  2 orc wizards (D:5)
  2 adders
  4 gnolls (D:5)
  A shadow imp (D:8)
  An ufetubus (D:7)
  A worm (D:3)
  A dart slug (D:5)
  7 orcs
  4 ball pythons
  An endoplasm (D:4)
  A giant cockroach (D:3)
  4 goblins
  A hobgoblin (D:4)
  A kobold (D:2)
  2 bats (D:2)
45 creatures vanquished.

Vanquished Creatures (others)
  102 foxfires
102 creatures vanquished.

Grand Total: 147 creatures vanquished

Notes
Turn   | Place    | Note
-------+----------+-------------------------------------------
     0 | D:1      | hawla the Meteoran Fire Elementalist began the quest for
                  | the Orb.
     0 | D:1      | Reached XP level 1. HP: 14/14 MP: 5/5
    28 | D:2      | Reached XP level 2. HP: 20/20 MP: 2/6
    35 | D:2      | Learned a level 2 spell: Scorch
    81 | D:3      | Reached XP level 3. HP: 26/26 MP: 3/8
   120 | D:4      | Reached XP level 4. HP: 33/33 MP: 3/10
   130 | D:4      | Found a staircase to the Ecumenical Temple.
   146 | Temple   | Entered the Ecumenical Temple
   193 | Temple   | Became a worshipper of Vehumet
   279 | D:4      | Learned a level 4 spell: Flame Wave
   280 | D:5      | Entered Level 5 of the Dungeon
   293 | D:5      | Reached XP level 5. HP: 30/38 MP: 4/11
   360 | D:5      | Reached XP level 6. HP: 39/45 MP: 5/12
   468 | D:5      | Found Kunuolem's Distillery.
   520 | D:5      | Found Fyinliv's Antique Armour Emporium.
   520 | D:5      | Found Hautodgh's Jewellery Emporium.
   566 | D:5      | Reached skill level 5 in Fire Magic
   624 | D:5      | Found Yri Peo's General Store.
   747 | D:5      | Bought a fabulously ornate robe for 85 gold pieces
   747 | D:5      | Identified the +1 robe "Gedghuh" {Int+2} (You bought it in
                  | a shop on level 5 of the Dungeon)
   771 | D:5      | Reached skill level 5 in Spellcasting
   771 | D:5      | Reached XP level 7. HP: 50/50 MP: 10/15
   959 | D:8      | Noticed Joseph
   965 | D:8      | Noticed Gastronok
   968 | D:8      | Killed Joseph
   969 | D:8      | Reached skill level 1 in Fighting
   969 | D:8      | Reached skill level 5 in Conjurations
   969 | D:8      | Reached XP level 8. HP: 32/59 MP: 2/18
   969 | D:8      | Gained mutation: Your mind is acute. (Int +4, Str/Dex -1)
                  | [potion of mutation]
   969 | D:8      | Gained mutation: You have a pair of small antennae on your
                  | head. [potion of mutation]
  1151 | D:8      | Reached * piety under Vehumet
  1151 | D:8      | Offered knowledge of Freeze by Vehumet.
  1168 | D:8      | HP: 2/59 [killer bee (8)]
  1168 | D:8      | Mangled by a killer bee

Illustrated notes

Levels and vault maps discovered:
D:1:      dpeg_arrival_long_road, layout_basic
D:2:      layout_loops_ring, serial_shops, shop
D:3:      layout_basic, palyth_stone_intersect, minmay_goblin_kobold_house
D:4:      layout_rooms, mainiacjoe_overflow_cross_hatched,
          minmay_temple_entry_waves
D:5:      layout_layer_cave, serial_shops, nicolae_shop_advertising_works
          [nicolae_subvault_shop_adworks], nicolae_shop_trees, shop, shop,
          minivault_19
D:6:      wad_pebble_path, layout_basic, kennysheep_mini_moat, elyvilon_altar_3,
          lemuel_flame_loot_1, uniq_duvessa
D:7:      layout_basic, nicolae_overflows_in_rows, grunt_decor_resistance
D:8:      layout_basic, corner_web_ring, chequers_arboretum, uniq_gastronok,
          uniq_joseph
Temple:   nicolae_temple_bog_church

Skill      XL: |  1  2  3  4  5  6  7  8 |
---------------+-------------------------+-----
Spellcasting   | 3 5 6 |  6.8
Fire Magic     | 4 5 6 |  6.3
Conjurations   | 2 4 5 |  5.6
Dodging        | 3 |  3.7
Fighting       | 1 |  1.4
Maces & Flails | 2 3 |  3.3
Stealth        | |  1.4

Action                     |  1- 3 |  4- 6 |  7- 9 || total
---------------------------+-------+-------+-------++-------
  Melee: Unarmed           |     3 |       |       ||     3
         Flail             |       |     1 |    15 ||    16
         Whip              |       |       |    10 ||    10
   Cast: Foxfire           |    22 |    34 |     6 ||    62
         Scorch            |     3 |     7 |    10 ||    20
         Flame Wave        |       |     1 |     6 ||     7
    Use: Potion            |       |     2 |     4 ||     6
         Scroll            |       |     1 |     2 ||     3
 Armour: Robe              |     1 |       |     1 ||     2
         Skin              |       |     4 |       ||     4
  Dodge: Dodged            |     7 |    12 |    24 ||    43
